 Dungeon Crawl Stone Soup version 0.23-a0-458-g93a6ea9 (webtiles) character file.

44 TheGoonsmith the Covered (level 3, 0/36 HPs)
             Began as a Hill Orc Fighter on Nov 25, 2018.
             Succumbed to an adder's poison
             ... on level 2 of the Dungeon.
             The game lasted 00:01:48 (1189 turns).

TheGoonsmith the Covered (Hill Orc Fighter)         Turns: 1189, Time: 00:01:49

Health: 0/36       AC:  9    Str: 19    XL:     3   Next: 60%
Magic:  3/3        EV: 12    Int:  8    God:
Gold:   70         SH:  9    Dex: 15    Spells: 2/2 levels left

rFire    . . .     SeeInvis .   a - +0 war axe
rCold    . . .     Gourm    .   c - +0 shield
rNeg     . . .     Faith    .   b - +0 scale mail
rPois    .         Spirit   .   (no helmet)
rElec    .         Reflect  .   (no cloak)
rCorr    .         Harm     .   (no gloves)
MR       .....                  (no boots)
Stlth    +.........             (no amulet)
HPRegen  0.12/turn              (no ring)
MPRegen  0.08/turn              (no ring)

@: agile, lethally poisoned (0 -> -5), very slightly contaminated, invisible
A: thin metallic scales 1, robust 1, wild magic 1
a: no special abilities


You were on level 2 of the Dungeon.
You were not hungry.

You visited 1 branch of the dungeon, and saw 2 of its levels.

You collected 70 gold pieces.

Inventory:

Hand Weapons
 a - a +0 war axe (weapon)
Armour
 b - a +0 scale mail (worn)
 c - a +0 shield (worn)
Scrolls
 e - 2 scrolls of immolation {unknown}
 h - 4 scrolls of identify {unknown}
 j - 3 scrolls of enchant armour {unknown}
Potions
 d - a potion of might
Comestibles
 f - 5 rations


   Skills:
 - Level 4.0 Fighting
 + Level 3.9 Axes
 + Level 4.1 Armour
 - Level 3.2 Shields


You had 2 spell levels left.
You didn't know any spells.
Your spell library was empty.

Dungeon Overview and Level Annotations

Branches:
Dungeon (2/15)

Altars:
Nemelex Xobeh
Vehumet


Innate Abilities, Weirdness & Mutations

You are partially covered in thin metallic scales. (AC +2)
You are robust. (+10% HP)
Your spells are a little harder to cast, but a little more powerful.


Message History

You are very lightly contaminated with residual magic.
It was a potion of agility.
You feel agile all of a sudden.
* * * LOW HITPOINT WARNING * * *
You feel sick.
It was a potion of mutation.
You feel extremely strange.
Thin metallic scales grow over part of your body.
You feel less in control of your magic.
You feel robust.
* * * LOW HITPOINT WARNING * * *
You feel sick.
You open the door.
An adder comes into view.
* * * LOW HITPOINT WARNING * * *
You feel sick.
* * * LOW HITPOINT WARNING * * *
You feel sick.
There is an open door here.
* * * LOW HITPOINT WARNING * * *
You feel sick.
You die...

#........
#..........#
#..........##
#...........# #
#.).........#
....####...........#
.......'........>..#
....####...........#
. #..@........#
#....÷......#
##.###.##.#.#
#......#.....
#..#######.#.#
#..#.........#
#.##..........###
#...$§#.####..#
#.............#


There were no monsters in sight!

Vanquished Creatures
  An adder (D:2)
  A leopard gecko (D:1)
  A giant cockroach (D:1)
  7 goblins
  5 hobgoblins
  5 bats (D:1)
  5 frilled lizards
  4 kobolds
  5 rats
34 creatures vanquished.

Notes
Turn   | Place    | Note
-------+----------+-------------------------------------------
     0 | D:1      | TheGoonsmith the Hill Orc Fighter began the quest for the
                  | Orb.
     0 | D:1      | Reached XP level 1. HP: 19/19 MP: 1/1
   123 | D:1      | Found a sparkling altar of Nemelex Xobeh.
   362 | D:1      | Reached XP level 2. HP: 27/27 MP: 2/2
   752 | D:1      | Reached XP level 3. HP: 33/33 MP: 3/3
  1110 | D:2      | Found a radiant altar of Vehumet.
  1183 | D:2      | Gained mutation: You are partially covered in thin metallic
                  | scales. (AC +2) [potion of mutation]
  1183 | D:2      | Gained mutation: Your spells are a little harder to cast,
                  | but a little more powerful. [potion of mutation]
  1183 | D:2      | Gained mutation: You are robust. (+10% HP) [potion of
                  | mutation]
  1188 | D:2      | HP: 1/36 [poisoned by an adder]
  1189 | D:2      | Succumbed to an adder's poison

Vault maps used:
D:1:      evilmike_arrival_rings, minmay_misc_feat_ornament,
          nemelex_xobeh_ov_fountains_minmay
D:2:      fiery_altar_vehumet, minmay_tripent

Skill      XL: |  1  2  3 |
---------------+----------+-----
Axes           | 3 |  3.9
Fighting       | 4 |  4.0
Armour         | 4 |  4.1
Shields        | |  3.2

Action                   || total
-------------------------++-------
Melee: War axe           ||   145
  Use: Potion            ||     3
  Eat: Chunk             ||     1
Armor: Scale mail        ||    84
Dodge: Dodged            ||    50
Block: Shield            ||    88

Table legend:
 A = Non-vault XP
 B = Vault XP
 C = Vault XP percentage of total XP
 D = Non-vault monster count
 E = Vault monster count
 F = Vault count percentage of total count
                 A         B        C        D         E       F
            +---------+---------+-------+---------+---------+-------
      Total |      63 |       0 |   0.0 |      34 |       0 |   0.0
            +---------+---------+-------+---------+---------+-------
        D:1 |      43 |       0 |   0.0 |      28 |       0 |   0.0
        D:2 |      20 |       0 |   0.0 |       6 |       0 |   0.0
            +---------+---------+-------+---------+---------+-------
